 Dungeon Crawl Stone Soup version 0.28.0-1-gb440e238dd (webtiles) character file.

Game seed: 18099748540413987871

19667 horus123 the Eclecticist (level 12, -2/72 HPs)
             Began as a Deep Elf Conjurer on Feb 21, 2022.
             Was a Believer of Vehumet.
             Succumbed to Nessos's poison
             ... on level 13 of the Dungeon.
             The game lasted 00:56:56 (16361 turns).

horus123 the Eclecticist (Deep Elf Conjurer)       Turns: 16361, Time: 00:56:57

Health: -2/72      AC: 10    Str: 10    XL:     12   Next: 38%
Magic:  42/42      EV: 12    Int: 29    God:    Vehumet [**....]
Gold:   643        SH:  0    Dex: 13    Spells: 16/41 levels left

rFire   . . .      SeeInvis .   j - +3 long sword
rCold   . . .      Faith    .   (no shield)
rNeg    . . .      Spirit   .   g - +2 robe {Will+}
rPois   .          Reflect  .   F - +0 helmet
rElec   .          Harm     .   o - scarf {repulsion}
rCorr   .          Rampage  .   f - +2 pair of gloves
Will    ++...                   c - +1 pair of boots
Stlth   ++........              (no amulet)
HPRegen 0.22/turn               a - ring of magical power
MPRegen 0.28/turn               s - +6 ring of strength

@: lethally poisoned (-2 -> -16), repel missiles
A: no striking features
a: Renounce Religion


You were on level 13 of the Dungeon.
You worshipped Vehumet.
Vehumet was pleased with you.
You visited 2 branches of the dungeon, and saw 14 of its levels.

You collected 643 gold pieces.

Inventory:

Hand Weapons
 j - a +3 long sword (weapon)
 y - a +2 rapier of freezing
Missiles
 k - 3 throwing nets
Armour
 c - a +1 pair of boots (worn)
 f - a +2 pair of gloves (worn)
 g - a +2 robe of willpower (worn)
 o - a scarf of repulsion (worn)
 F - a +0 helmet (worn)
Magical Staves
 p - a staff of fire
 C - a staff of air
Jewellery
 a - a ring of magical power (left hand)
 b - a ring of flight
 e - a ring of ice
 m - a +4 ring of evasion
 s - a +6 ring of strength (right hand)
Wands
 h - a wand of mindburst (4)
 n - a wand of digging (8)
 w - a wand of iceblast (4)
Scrolls
 l - a scroll of fear
 t - a scroll of teleportation {unknown}
 v - a scroll of amnesia
 A - a scroll of fog
 D - a scroll of identify
 E - 2 scrolls of blinking
 G - a scroll of vulnerability
Potions
 d - 5 potions of might
 i - 3 potions of mutation
 q - a potion of flight
 r - 4 potions of curing
 u - 3 potions of attraction
 x - a potion of haste
 z - 2 potions of brilliance
Miscellaneous
 B - a phial of floods (inert)


   Skills:
 - Level 7.3 Fighting
 - Level 2.4 Dodging
 - Level 2.4 Stealth
 - Level 15.0 Spellcasting
 - Level 9.0 Conjurations
 - Level 9.2 Hexes
 - Level 9.3 Translocations
 - Level 6.0 Ice Magic
 + Level 4.4 Evocations


You had 16 spell levels left.
You knew the following spells:

 Your Spells              Type           Power      Damage    Failure   Level
a - Magic Dart            Conj           100%       1d8       1%          1
b - Searing Ray           Conj           100%       2d8       1%          2
c - Fulminant Prism       Conj/Hex       33%        3d16      1%          4
d - Iskenderun's Mystic   Conj/Tloc      66%        2d14      1%          4
e - Inner Flame           Hex/Fire       48%        N/A       1%          3
f - Teleport Other        Tloc           66%        N/A       1%          3
g - Shock                 Conj/Air       100%       1d9       1%          1
h - Hailstorm             Conj/Ice       60%        3d13      1%          4
i - Lesser Beckoning      Tloc           66%        N/A       1%          3

Your spell library contained the following spells:

 Spells                   Type           Power      Damage    Failure   Level
 Poisonous Vapours        Pois/Air       42%        N/A       3%          2
 Foxfire                  Conj/Fire      100%       2x1d9     1%          1
 Blink                    Tloc           100%       N/A       1%          2
 Conjure Flame            Conj/Fire      48%        6-21      1%          3
 Dazzling Flash           Conj/Hex       100%       N/A       1%          3
 Gell's Gravitas          Tloc           66%        N/A       1%          3
 Manifold Assault         Tloc           66%        N/A       1%          5
 Flame Wave               Conj/Fire      48%        2d10      3%          4
 Leda's Liquefaction      Hex/Erth       24%        N/A       3%          4
 Ice Form                 Ice/Tmut       39%        N/A       6%          4
 Dispersal                Tloc           33%        N/A       8%          6
 Lee's Rapid Deconstruct  Erth           10%        3d9*      52%         5
 Simulacrum               Ice/Necr       19%        N/A       69%         6
 Statue Form              Tmut/Erth      14%        N/A       98%         6


Dungeon Overview and Level Annotations

Branches:
Dungeon (13/15)            Temple (1/1) D:7            Lair (0/6) D:9
    Orc (0/2) D:11
 Vaults: D:13-14

Altars:
Gozag
Qazlal
Sif Muna
Uskayaw
Vehumet
Wu Jian
Xom
Yredelemnul
Zin

Shops:
D:3 (   D:4 :(*=   D:6 !   D:9 !

Annotations:
D:13 Nessos, Rupert


Message History

The orc knight is heavily wounded.
The slime creature is almost dead.
Nessos casts a spell.
Nessos seems to speed up.
The orc knight hits you from afar with a +0 glaive!
A human comes into view.
Rupert the Wild comes into view.
He is wielding a +0 great sword of electrocution and wearing a +1 scale mail of poison resistance.
Nessos gestures wildly while chanting.
Nessos blinks!
The orc knight hits you from afar with a +0 glaive!
Nessos mumbles some strange words.
Nessos blinks!
The slime creature hits you but does no damage.
You climb upwards.
There is a stone staircase leading down, spattered with blood here.
Casting: Iskenderun's Mystic Blast (mildly dangerous; 1% risk of failure)
Confirm with . or Enter, or press ? or * to list all spells.
You erupt in a blast of force!
The mystic blast hits the slime creature!
You kill the slime creature!
Vehumet accepts your kill.
Unknown command.
You start resting.
Magic restored.
You start resting.
HP restored.
You climb downwards.
Level annotation: Nessos, Rupert Nessos shoots an arrow.
The arrow hits you. The arrow burns you.
You are poisoned.
The orc knight barely misses you. The slime creature hits you!
Nessos shoots an arrow.
The arrow hits you! The arrow burns you. The slime creature hits you! x2
The orc knight hits you from afar with a +0 glaive!
* * * LOW HITPOINT WARNING * * *
The slime creature hits you!
* * * LOW HITPOINT WARNING * * *
There is a stone staircase leading up, spattered with blood here.
Unknown command.
You die...

..# .. .. ##
###. ... ... .
.#..##.#######.#
.......J@.......
#...#..JJ..##.#
# #...op.#.....
#c.......+ ....
####...@.# ...
$....p.# ..
##......# #
#......#
#......#


You could see Rupert, Nessos, an orc knight, 3 slime creatures and 2 humans.

Vanquished Creatures
  A boulder beetle (D:12)
  A hydra (D:12)
  The ghost of browni3141 the Cleaver, a novice MiBe of Trog (D:8)
  3 two-headed ogres
  A wizard (D:10)
  A deep elf pyromancer (D:12)
  An ugly thing (D:11)
  2 cyclopes
  An unseen horror (D:12)
  2 komodo dragons
  2 kobold demonologists (D:12)
  4 trolls
  A wind drake (shapeshifter) (D:9)
  A slime creature (D:12)
  Sigmund (D:4)
  A centaur simulacrum (D:13)
  Eustachio (D:6)
  A wraith (D:9)
  13 yaks
  8 redbacks (D:12)
  9 humans
  2 vampire mosquitoes (D:12)
  2 steam dragons
  6 acid dragons
  4 water moccasins
  9 orc warriors
  A sky beast (D:6)
  Duvessa (D:6)
  2 black bears (D:9)
  2 ice beasts
  3 necrophages
  4 ogres
  4 centaurs
  3 kobold brigands
  5 bullfrogs
  A scorpion (D:3)
  A wyvern zombie (D:8)
  A water moccasin zombie (D:7)
  A water moccasin skeleton (D:5)
  A wyvern skeleton (D:7)
  Dowan (D:6)
  13 killer bees
  A wight (D:9)
  An electric eel (D:10)
  3 centaur zombies
  5 hounds
  A bullfrog zombie (D:6)
  3 jellies
  2 gnoll shamans
  3 orc priests
  3 centaur skeletons
  A bullfrog skeleton (D:7)
  3 iguanas (D:4)
  7 orc wizards
  A hound skeleton (D:5)
  A howler monkey zombie (D:9)
  5 adders
  8 gnolls
  A shadow imp (D:8)
  2 white imps (D:7)
  3 worms
  5 dart slugs
  36 orcs
  9 endoplasms
  5 giant cockroaches
  2 goblins
  7 hobgoblins
  42 kobolds
  3 quokkas
  7 ball pythons
  4 bats
  5 frilled lizards
  3 rats
305 creatures vanquished.

Vanquished Creatures (others)
  31 fulminant prisms
  33 fungi (D:9)
  53 plants
117 creatures vanquished.

Grand Total: 422 creatures vanquished

Notes
Turn   | Place    | Note
-------+----------+-------------------------------------------
     0 | D:1      | horus123 the Deep Elf Conjurer began the quest for the Orb.
     0 | D:1      | Reached XP level 1. HP: 10/10 MP: 6/6
   208 | D:1      | Reached skill level 4 in Spellcasting
   208 | D:1      | Reached XP level 2. HP: 15/15 MP: 7/9
   784 | D:2      | Reached XP level 3. HP: 19/19 MP: 11/11
   790 | D:2      | Reached skill level 5 in Spellcasting
  1092 | D:2      | Found a hide-covered altar of Uskayaw.
  1096 | D:2      | Learned a level 2 spell: Searing Ray
  1694 | D:3      | You are sucked into a shaft and drop 2 floors!
  1694 | D:5      | Entered Level 5 of the Dungeon
  1697 | D:5      | Reached skill level 6 in Spellcasting
  1697 | D:5      | Reached XP level 4. HP: 24/24 MP: 14/14
  1741 | D:5      | Noticed an ogre
  1745 | D:5      | Killed an ogre
  1746 | D:5      | Reached skill level 7 in Spellcasting
  1746 | D:5      | Reached XP level 5. HP: 28/28 MP: 16/16
  1784 | D:5      | Learned a level 4 spell: Fulminant Prism
  1789 | D:5      | Learned a level 4 spell: Iskenderun's Mystic Blast
  1805 | D:5      | Reached skill level 8 in Spellcasting
  2024 | D:5      | Reached XP level 6. HP: 32/32 MP: 19/19
  2036 | D:5      | Reached skill level 5 in Conjurations
  2375 | D:3      | Found an ornate altar of the Wu Jian Council.
  2375 | D:3      | Found a shimmering altar of Xom.
  3021 | D:3      | Found Mufriez's Antique Weapon Shoppe.
  3317 | D:4      | Reached XP level 7. HP: 36/36 MP: 20/20
  3472 | D:4      | Found Ethraega's Antique Weapon Emporium.
  3474 | D:4      | Found Noesmiwk's Book Shop.
  3474 | D:4      | Found Lurulis's Assorted Antiques.
  3476 | D:4      | Found Tiafroixt's Jewellery Emporium.
  3906 | D:4      | Noticed Sigmund
  3917 | D:4      | Killed Sigmund
  3918 | D:4      | Reached XP level 8. HP: 17/41 MP: 16/22
  4303 | D:4      | Found a glowing silver altar of Zin.
  4304 | D:4      | Found an opulent altar of Gozag.
  5151 | D:5      | Learned a level 5 spell: Manifold Assault
  5245 | D:5      | Reached skill level 5 in Hexes
  5631 | D:6      | Noticed Eustachio
  5639 | D:6      | Reached XP level 9. HP: 28/45 MP: 13/23
  5639 | D:6      | Noticed Dowan
  5753 | D:6      | Killed Dowan
  5814 | D:6      | Noticed Duvessa
  5816 | D:6      | Killed Eustachio
  5821 | D:6      | Killed Duvessa
  6051 | D:6      | Found Kets's Distillery.
  6215 | D:6      | Reached skill level 5 in Translocations
  7671 | D:7      | Found a staircase to the Ecumenical Temple.
  7695 | Temple   | Entered the Ecumenical Temple
  7744 | Temple   | Became a worshipper of Vehumet
  7849 | D:7      | Reached XP level 10. HP: 50/50 MP: 24/24
  8017 | D:7      | Reached skill level 1 in Fighting
  8237 | D:7      | Noticed a cyclops
  8252 | D:7      | Killed a cyclops
  8809 | D:8      | Noticed a two-headed ogre
  8816 | D:8      | Killed a two-headed ogre
  8927 | D:8      | Learned a level 2 spell: Blink
  9249 | D:8      | Reached skill level 5 in Fighting
  9297 | D:8      | Reached * piety under Vehumet
  9297 | D:8      | Offered knowledge of Shock by Vehumet.
  9966 | D:9      | Learned a level 1 spell: Shock
 10216 | D:9      | Found a transporter.
 10217 | D:9      | Noticed browni3141's ghost (novice MiBe)
 10405 | D:9      | Found a transporter.
 10420 | D:9      | Found Nosiud's Distillery.
 10552 | D:9      | Reached XP level 11. HP: 67/67 MP: 23/25
 10635 | D:9      | Found a staircase to the Lair.
 10875 | D:9      | Learned a level 4 spell: Hailstorm
 10901 | D:9      | Offered knowledge of Static Discharge by Vehumet.
 11152 | D:9      | Reached skill level 9 in Spellcasting
 11248 | D:9      | Reached ** piety under Vehumet
 11251 | D:9      | Reached skill level 1 in Ice Magic
 11459 | D:8      | Killed browni3141's ghost
 11741 | D:10     | Entered Level 10 of the Dungeon
 11928 | D:10     | Noticed a wizard
 11944 | D:10     | Killed a wizard
 11945 | D:10     | Reached skill level 5 in Ice Magic
 12711 | D:11     | Noticed a red ugly thing
 12716 | D:11     | Killed a red ugly thing
 13143 | D:11     | Found a staircase to the Orcish Mines.
 13252 | D:11     | Noticed a two-headed ogre
 13261 | D:11     | Killed a two-headed ogre
 13262 | D:11     | Reached skill level 10 in Spellcasting
 13626 | D:12     | Noticed a two-headed ogre
 13632 | D:12     | Killed a two-headed ogre
 13633 | D:12     | Reached skill level 11 in Spellcasting
 13713 | D:12     | Learned a level 3 spell: Inner Flame
 13816 | D:12     | Reached skill level 12 in Spellcasting
 13932 | D:12     | Noticed a boulder beetle
 14240 | D:12     | Reached skill level 13 in Spellcasting
 14390 | D:12     | Noticed a deep elf pyromancer
 14391 | D:12     | Noticed a four-headed hydra
 14413 | D:12     | Reached XP level 12. HP: 11/72 MP: 31/31
 14413 | D:12     | Killed a four-headed hydra
 14414 | D:12     | Reached skill level 14 in Spellcasting
 14415 | D:12     | Killed a boulder beetle
 14703 | D:12     | Offered knowledge of Poisonous Vapours by Vehumet.
 14772 | D:12     | Reached skill level 15 in Spellcasting
 14997 | D:12     | Learned a level 3 spell: Teleport Other
 15103 | D:13     | Reached skill level 1 in Evocations
 15120 | D:13     | Noticed Nessos
 15349 | D:12     | HP: 2/72 [poisoned by Nessos]
 15820 | D:12     | Learned a level 3 spell: Lesser Beckoning
 16183 | D:13     | Noticed Rupert
 16360 | D:13     | HP: 2/72 [slime creature (9)]
 16361 | D:13     | Succumbed to Nessos's poison

Illustrated notes

Levels and vault maps discovered:
D:1:      minmay_arrival_four_circles, layout_rooms,
          minmay_misc_feat_nine_boxes, grunt_decor_junction
D:2:      layout_loops_ring, basic_altar, minmay_misc_feat_five, minivault_19,
          dk_noncrumbling_3, hex_large
D:3:      layout_loops_corners, gammafunk_temple_overflow_statue, serial_shops,
          shop_coins, st_stairs_9
D:4:      layout_cave_pools, grunt_temple_overflow_gold_and_silver,
          minmay_misc_feat_four_crosses, chequers_serial_rivers_large_a,
          nicolae_wooded_promenade, uniq_sigmund
D:5:      layout_basic
D:6:      kennysheep_kobold_camp, layout_gridville, serial_shops, shop,
          uniq_eustachio, uniq_duvessa
D:7:      layout_loops_ring, minmay_temple_entry_offerings
D:8:      layout_basic
D:9:      layout_small_grid, due_lair_maze_entry_diamond, serial_shops, shop,
          gammafunk_ghost_arena
D:10:     layout_rooms, hive_lemuel
D:11:     layout_irregular_city, david_orc_2
D:12:     layout_rooms, drop_trap
D:13:     layout_basic, david_vaults_3, minmay_misc_feat_rugged, uniq_nessos,
          uniq_snorg
Temple:   dpeg_five_rooms_temple

Skill      XL: |  1  2  3  4  5  6  7  8  9 10 11 12 |
---------------+-------------------------------------+-----
Spellcasting   | 4 6 7 8 13 15 | 15.0
Conjurations   | 6 9 |  9.0
Hexes          | 9 |  9.2
Translocations | 2 9 |  9.3
Fighting       | 7 |  7.3
Ice Magic      | 6 |  6.0
Evocations     | 4 |  4.4
Dodging        | |  2.4
Stealth        | |  2.4

Action                   |  1- 3 |  4- 6 |  7- 9 | 10-12 || total
-------------------------+-------+-------+-------+-------++-------
Melee: Short sword       |       |       |     1 |       ||     1
       Rapier            |       |       |       |     6 ||     6
       Long sword        |       |       |       |     1 ||     1
 Cast: Magic Dart        |    61 |    73 |    96 |    34 ||   264
       Searing Ray       |     1 |    13 |    41 |    38 ||    93
       Iskenderun's Myst |       |       |    10 |    88 ||    98
       Fulminant Prism   |       |       |    10 |    21 ||    31
       Shock             |       |       |       |   143 ||   143
       Manifold Assault  |       |       |       |     1 ||     1
       Hailstorm         |       |       |       |    42 ||    42
       Inner Flame       |       |       |       |     2 ||     2
Evoke: Wand              |       |       |       |     3 ||     3
       Phial of floods   |       |       |       |     1 ||     1
  Use: Scroll            |     3 |     2 |     7 |    12 ||    24
       Potion            |       |       |       |     9 ||     9
Armor: Robe              |     1 |     7 |    14 |    51 ||    73
Dodge: Dodged            |     1 |    17 |    61 |    89 ||   168
       Repelled          |       |       |     2 |     3 ||     5
